 Dungeon Crawl Stone Soup version 0.19-a0-811-gf4045fb (webtiles) character file.

137 Arkorax the Skirmisher (level 5, 0/50 HPs)
             Began as a Naga Fighter on June 28, 2016.
             Slain by Crazy Yiuf
             ... wielding a +2 quarterstaff of chaos
              (9 damage)
             ... on level 3 of the Dungeon.
             The game lasted 00:01:52 (2102 turns).

Arkorax the Skirmisher (Naga Fighter)               Turns: 2102, Time: 00:01:52

Health: 0/50       AC:  6    Str: 20    XL:     5   Next: 20%
Magic:  23/23      EV:  5    Int:  8    God:
Gold:   69         SH:  0    Dex: 10    Spells: 0 memorised, 4 levels left

rFire  . . .     SeeInvis +     s - +2 scimitar (elec)
rCold  . . .     Gourm    .     b - +0 scale mail
rNeg   . . .     Faith    .     c - +0 shield
rPois  +         Spirit   .     t - +0 helmet
rElec  .         Dismiss  .     (no cloak)
rCorr  .         Reflect  .     (no gloves)
SustAt .         Harm     .     (no barding)
MR     .....                    (no amulet)
Stlth  ..........               f - ring of magical power
                                q - ring of magical power

@: confused, lethally poisoned (0 -> -7), flying, drained, very slow, not
resistant to hostile enchantments, extremely unstealthy
A: see invisible, deformed body, poison resistance, slowness 2, slow metabolism
1, spit poison 2, AC +1
a: Spit Poison


You were on level 3 of the Dungeon.
You were not hungry.

You visited 1 branch of the dungeon, and saw 3 of its levels.

You collected 69 gold pieces.

Inventory:

Hand Weapons
 a - a +0 long sword
 h - a +2 spear of piercing
 s - a +2 scimitar of electrocution (weapon)
Armour
 b - a +0 scale mail (worn)
 c - a +0 shield (worn)
 t - a +0 helmet (worn)
Jewellery
 f - a ring of magical power (right hand)
 q - a ring of magical power (left hand)
Scrolls
 e - a scroll of teleportation {unknown}
 g - 3 scrolls of remove curse {unknown}
 i - a scroll of recharging {unknown}
 l - a scroll of amnesia {unknown}
 o - 2 scrolls of noise {unknown}
 p - a scroll of magic mapping {unknown}
 r - a scroll of enchant armour {unknown}
Potions
 d - a potion of might
 j - 2 potions of flight
 k - a potion of curing {unknown}
 m - a potion of ambrosia
 n - a potion of mutation {unknown}


   Skills:
 * Level 4.2(3.9) Fighting
 * Level 2.1(1.8) Long Blades
 - Level 2.5(2.2) Polearms
 - Level 2.4(2.1) Armour
 + Level 3.1(2.8) Shields


You had 4 spell levels left.
You didn't know any spells.

Dungeon Overview and Level Annotations

Branches:
Dungeon (3/15)

Altars:

Annotations:
D:3 Crazy Yiuf


Innate Abilities, Weirdness & Mutations

You cannot wear boots.
Your serpentine skin is tough. (AC +1)
You have supernaturally acute eyesight. (SInv)
Armour fits poorly on your strangely shaped body.
Your system is resistant to poisons. (rPois)
You cover ground very slowly.
You have a slow metabolism.
You can spit poison.


Message History

Crazy Yiuf is severely wounded.
You feel sick.
Crazy Yiuf hits you with a quarterstaff of chaos.
You are electrocuted!
* * * LOW HITPOINT WARNING * * *
You are too injured to fight recklessly!
You are too injured to fight recklessly!
You are too injured to fight recklessly!
It was a potion of flight.
You feel very buoyant.
You fly up into the air.
* * * LOW HITPOINT WARNING * * *
You feel sick.
Crazy Yiuf glowers.
You block Crazy Yiuf's attack.
It was a potion of ambrosia.
You are confused.
You feel invigorated.
Crazy Yiuf hits you with a quarterstaff of chaos!
You die...

#....######..#
# #....# #..#
# ♣....♣ #..#
# ♣♣..)♣ #..#
# ♣♣)♣♣ #..# #
♣♣)♣ ####..#
## ♣)♣♣
#.....# #.
♣♣)♣ #.....#
#. ♣@♣♣
####### #. #g#
### #. ))) #.#
#. #)))# #.##
#. #).)#
#..########.
#####
#.........†.
#....######.
#...## #.
##.## #.


You could see Crazy Yiuf.

Vanquished Creatures
  A wight (D:3)
  3 adders (D:3)
  An ooze (D:3)
  2 worms (D:2)
  A dart slug (D:1)
  4 orcs (D:3)
  4 bats
  4 giant cockroaches
  6 goblins
  6 hobgoblins
  3 jackals (D:3)
  2 quokkas (D:2)
  4 giant newts
  9 kobolds
  2 rats
52 creatures vanquished.

Notes
Turn   | Place    | Note
--------------------------------------------------------------
     0 | D:1      | Arkorax the Naga Fighter began the quest for the Orb.
     0 | D:1      | Reached XP level 1. HP: 21/21 MP: 1/1
   313 | D:1      | Reached XP level 2. HP: 28/28 MP: 2/2
   975 | D:2      | Reached skill level 1 in Polearms
   993 | D:2      | Reached XP level 3. HP: 21/34 MP: 3/3
  1583 | D:3      | Reached XP level 4. HP: 44/44 MP: 4/4
  1765 | D:3      | Reached skill level 4 in Fighting
  1777 | D:3      | Reached XP level 5. HP: 24/50 MP: 5/5
  2049 | D:3      | Found a runed door.
  2095 | D:3      | Noticed Crazy Yiuf
  2102 | D:3      | Slain by Crazy Yiuf

Vault maps used:
D:1:      dpeg_arrival_water_fire, minmay_misc_feat_nine_boxes,
          minmay_misc_feat_encased
D:3:      minmay_diamond_boxcup, corexii_item_surrounded_by_moat,
          minmay_misc_feat_five, uniq_crazy_yiuf_cottage

Skill      XL: |  1  2  3  4 |
---------------+-------------+-----
Polearms       | 1 2 |  2.5
Shields        | 3 |  3.1
Fighting       | 4 |  4.2
Long Blades    | |  2.1
Armour         | |  2.4

Action                   |  1- 3 |  4- 6 || total
-------------------------+-------+-------++-------
Melee: Spear             |    81 |    49 ||   130
       Long sword        |     2 |       ||     2
       Scimitar          |       |    15 ||    15
 Abil: Spit Poison       |       |     1 ||     1
  Use: Potion            |       |     3 ||     3
  Eat: Bread ration      |     1 |       ||     1
Armor: Scale mail        |    22 |    12 ||    34
Dodge: Dodged            |     9 |    10 ||    19
Block: Shield            |    23 |    25 ||    48
